 Dungeon Crawl Stone Soup version 0.20.1-1-g8b1a95d (webtiles) character file.

151 Knicklaso the Bolt Thrower (level 5, -1/29 HPs)
             Began as a Kobold Arcane Marksman on July 16, 2017.
             Slain by a phantom (7 damage)
             ... on level 4 of the Dungeon.
             The game lasted 00:11:10 (2431 turns).

Knicklaso the Bolt Thrower (Kobold Arcane Marksman) Turns: 2431, Time: 00:11:11

Health: -1/29      AC:  6    Str:  7    XL:     5   Next: 59%
Magic:  6/6        EV: 15    Int: 15    God:
Gold:   192        SH:  0    Dex: 16    Spells: 5/6 levels left

rFire    . . .     SeeInvis .   u - +0 dagger
rCold    . . .     Gourm    .   (shield restricted)
rNeg     . . .     Faith    .   e - +0 robe
rPois    .         Spirit   .   o - +2 hat {MR+}
rElec    .         Reflect  .   (no cloak)
rCorr    .         Harm     .   (no gloves)
MR       +....                  p - +1 pair of boots
Stlth    +.........             (no amulet)
Regen    0.1/turn               (no ring)
MPRegen  0.1/turn               (no ring)

@: no status effects
A: carnivore 3
a: no special abilities


You were on level 4 of the Dungeon.
You were not hungry.

You visited 1 branch of the dungeon, and saw 4 of its levels.

You collected 192 gold pieces.

Inventory:

Hand Weapons
 a - a +0 hand crossbow
 u - a +0 dagger (weapon)
Missiles
 d - 9 bolts
Armour
 e - a +0 robe (worn)
 o - a +2 hat of magic resistance (worn)
 p - a +1 pair of boots (worn)
Wands
 q - a wand of acid (5/15)
 s - a wand of polymorph (12/24)
Scrolls
 b - 2 scrolls of enchant armour {unknown}
 g - 4 scrolls of teleportation {unknown}
 i - 2 scrolls of identify {unknown}
 k - 3 scrolls of recharging {unknown}
 l - 2 scrolls of fear {unknown}
 m - a scroll of enchant weapon {unknown}
 n - a scroll of magic mapping {unknown}
 t - a scroll of blinking {unknown}
Potions
 h - 5 potions of curing {unknown}
 r - a potion of resistance {unknown}
 v - 2 potions of magic {unknown}
 w - a potion of heal wounds {unknown}
 x - a potion of degeneration {unknown}
Books
 c - a book of Debilitation

   Spells                             Type                      Level
   a - Corona                         Hexes                        1
   b - Slow                           Hexes                        2
   c - Inner Flame                    Hexes/Fire                   3
   d - Portal Projectile              Hexes/Translocation          3
   e - Cause Fear                     Hexes                        4
   f - Leda's Liquefaction            Hexes/Earth                  4
 j - a book of Misfortune

   Spells                             Type                      Level
   a - Confusing Touch                Hexes                        1
   b - Confuse                        Hexes                        3
   c - Gell's Gravitas                Translocation                3
   d - Petrify                        Transmutation/Earth          4
   e - Metabolic Englaciation         Hexes/Ice                    5
   f - Yara's Violent Unravelling     Hexes/Transmutation          5
Comestibles
 f - 2 meat rations


   Skills:
 - Level 1.1 Fighting
 + Level 6.4 Crossbows
 - Level 2.4 Dodging
 - Level 1.1 Spellcasting
 - Level 3.0 Hexes


You had 5 spell levels left.
You knew the following spells:

 Your Spells              Type           Power        Failure   Level  Hunger
a - Corona                Hex            #......      7%          1    ##.....


Dungeon Overview and Level Annotations

Branches:
Dungeon (4/15)
 Temple: D:4-7

Altars:


Innate Abilities, Weirdness & Mutations

You are small and have problems with some larger weapons.
You are carnivorous and can eat meat at any time.


Message History

You hit the phantom but do no damage.
The phantom is lightly damaged.
The phantom hits you.
The phantom blinks!
You miss the phantom.
The phantom is lightly damaged.
The phantom blinks!
The phantom blinks!
You hit the phantom.
The phantom is lightly damaged.
The phantom hits you!
* * * LOW HITPOINT WARNING * * *
You are too injured to fight recklessly!
You are too injured to fight recklessly!
You are too injured to fight recklessly!
You are too injured to fight recklessly!
You are too injured to fight recklessly!
You barely miss the phantom.
The phantom is lightly damaged.
The phantom hits you!
You die...

....## ## !.... .#
#....##.# . #..#....##
.. .######.##....#...
..................
#.......# #####(.....#
#....>.@...# #.
#.#....W..%.... #..
#)..##......... #).#
##..###.........
##...####...# ###...#.##
...........######.###..#
.......#..........# ..
...................
.........########.


You could see a phantom.

Vanquished Creatures
  A bullfrog (D:3)
  3 adders
  An ooze (D:1)
  2 worms (D:3)
  A dart slug (D:3)
  2 leopard geckos (D:2)
  An orc (D:3)
  5 bats
  4 giant cockroaches
  3 goblins
  3 hobgoblins (D:3)
  2 jackals (D:1)
  4 kobolds
  A quokka (D:3)
  A ball python (D:2)
  6 frilled lizards
  9 rats
49 creatures vanquished.

Notes
Turn   | Place    | Note
-------+----------+-------------------------------------------
     0 | D:1      | Knicklaso the Kobold Arcane Marksman began the quest for the Orb.
     0 | D:1      | Reached XP level 1. HP: 12/12 MP: 2/2
   218 | D:1      | Reached skill level 3 in Crossbows
   218 | D:1      | Reached XP level 2. HP: 16/16 MP: 3/3
   327 | D:1      | You fall through a shaft!
   461 | D:2      | Reached XP level 3. HP: 12/20 MP: 4/4
   466 | D:2      | Reached skill level 4 in Crossbows
  1146 | D:3      | Reached XP level 4. HP: 25/25 MP: 5/5
  1240 | D:3      | Noticed a bullfrog
  1248 | D:3      | Killed a bullfrog
  1248 | D:3      | Reached skill level 5 in Crossbows
  1248 | D:3      | Reached XP level 5. HP: 6/29 MP: 6/6
  1646 | D:3      | Reached skill level 6 in Crossbows
  2401 | D:4      | Noticed a phantom
  2431 | D:4      | Slain by a phantom

Skill      XL: |  1  2  3  4  5 |
---------------+----------------+-----
Crossbows      | 3 4 5 6 |  6.4
Fighting       | |  1.1
Dodging        | |  2.4
Spellcasting   | |  1.1
Hexes          | |  3.0

Action                   |  1- 3 |  4- 6 || total
-------------------------+-------+-------++-------
Melee: Hand crossbow     |       |    57 ||    57
       Dagger            |       |    18 ||    18
       Unarmed           |       |    17 ||    17
 Fire: Hand crossbow     |    86 |    55 ||   141
 Cast: Corona            |       |     1 ||     1
Evoke: Wand              |       |     1 ||     1
  Eat: Chunk             |     3 |     4 ||     7
Armor: Robe              |     7 |    25 ||    32
Dodge: Dodged            |    22 |    91 ||   113
